 Dungeon Crawl Stone Soup version 0.28-a0-823-gb444dcf96d (webtiles) character file.

Game seed: 11626316391557988638

0 meatgazer the Skirmisher (level 1, -11/18 HPs)
             Began as a Demonspawn Abyssal Knight on Nov 9, 2021.
             Was a Follower of Lugonu.
             Mangled by a tentacled starspawn (29 damage)
             ... on level 1 of the Abyss.
             The game lasted 00:00:29 (144 turns).

meatgazer the Skirmisher (Demonspawn Abyssal Knight) Turns: 144, Time: 00:00:30

Health: -11/18     AC:  3    Str: 13    XL:     1   Next: 0%
Magic:  2/2        EV: 11    Int: 11    God:    Lugonu [*.....]
Gold:   0          SH:  0    Dex: 13    Spells: 0/0 levels left

rFire   . . .      SeeInvis .   a - +1 falchion
rCold   . . .      Faith    .   (no shield)
rNeg    . . .      Spirit   .   b - +0 leather armour
rPois   .          Reflect  .   (no helmet)
rElec   .          Harm     .   (no cloak)
rCorr   .          Rampage  .   (no gloves)
Will    .....                   (no boots)
Stlth   +.........              (no amulet)
HPRegen 0.06/turn               (no ring)
MPRegen 0.08/turn               (no ring)

@: no status effects
A: no striking features
a: Renounce Religion, Depart the Abyss


You were on level 1 of the Abyss.
You worshipped Lugonu.
Lugonu was aware of your devotion.
You visited 0 branches of the dungeon, and saw 0 of its levels.
You visited the Abyss 1 time.

Inventory:

Hand Weapons
 a - a +1 falchion (weapon)
Armour
 b - a +0 leather armour (worn)


   Skills:
 + Level 3.0 Fighting
 + Level 1.7 Long Blades
 + Level 1.7 Armour
 + Level 0.8 Dodging
 + Level 2.4 Invocations


You couldn't memorise any spells.
You didn't know any spells.
Your spell library was empty.

Dungeon Overview and Level Annotations

Branches:
Dungeon (0/15)

Altars:


Message History

Found a scroll labelled BORI GEMNURUBYA.
Found a corrupted altar of Lugonu.
Found a gateway leading out of the Abyss.
c - a scroll labelled BORI GEMNURUBYA
Found a dagger.
As you read the scroll labelled BORI GEMNURUBYA, it crumbles to dust.
You feel strangely unstable.
You feel the power of the Abyss delaying your translocation!
It was a scroll of teleportation.
You are suddenly pulled into a different region of the Abyss!
Found 27 sling bullets.
Found 22 bolts.
Found a snail-covered altar of Cheibriados.
You see here 27 sling bullets.
Unknown command.
A neqoxec comes into view.
You aren't carrying any scrolls.
You aren't carrying any potions.
Found a robe.
You see here a +0 robe.
An efreet comes into view.
It is wielding a +3 scimitar of flaming.
The hellwing gives a chilling moan.
A golden eye comes into view.
The golden eye turns its gaze towards you.
The golden eye pulsates ominously.
Tentacles burst from the starspawn's body! 2 starspawn tentacles come into view.
The golden eye blinks at you.
You are confused.
Found a leather armour.
The golden eye blinks at you. You resist with some effort.
You feel less confused.
The golden eye blinks!
You closely miss the golden eye.
The golden eye blinks!
Tentacles burst from the starspawn's body! 2 starspawn tentacles come into view.
The tentacled starspawn bites you!!
Ouch! That really hurt!
You die...

. # #.##..#.☼ ## .. .
..##...#..# ## ...#.
......[#.# °.#...#.#.
.....#...#○....#..#.#
#.....G##R..w .
#..w..#. .# #.##.>#.
..G..# #wX#...#.##..
#@##.#.#.# .
#......##..# .
#..###### ... . #.
.... #. ## ##


You could see a tentacled starspawn, an efreet, 2 starspawn tentacles and a
golden eye.

Vanquished Creatures (others)
  2 starspawn tentacles (Abyss:1)
2 creatures vanquished.

Notes
Turn   | Place    | Note
-------+----------+-------------------------------------------
     0 | Abyss:1  | meatgazer the Demonspawn Abyssal Knight began the quest for
                  | the Orb.
     0 | Abyss:1  | Reached XP level 1. HP: 18/18 MP: 2/2
    59 | Abyss:1  | Found a snail-covered altar of Cheibriados.
    93 | Abyss:1  | Noticed a neqoxec
   119 | Abyss:1  | Noticed an efreet
   135 | Abyss:1  | Noticed a hellwing
   135 | Abyss:1  | Noticed a tentacled starspawn
   135 | Abyss:1  | Noticed a golden eye
   144 | Abyss:1  | Mangled by a tentacled starspawn

Illustrated notes

Levels and vault maps discovered:
Abyss:1:  base: Temple, hangedman_decor_riveting, base:
Temple

Action                   || total
-------------------------++-------
Melee: Falchion          ||     1
  Use: Scroll            ||     1

Table legend: (Time is in decaauts)
 A = Elapsed time spent in this place.
 B = Non-inter-level travel time spent in this place.
 C = Inter-level travel time spent in this place.
 D = Time resting spent in this place.
 E = Time spent auto-exploring this place.
 F = Levels seen in this place.
 G = Mean time per level.
                   A        B        C        D        E       F      G
               +--------+--------+--------+--------+--------+-----+--------+
         Total |    144 |    144 |      0 |      0 |     85 |   1 |  144.0 |
         Abyss |    144 |    144 |      0 |      0 |     85 |   1 |  144.0 |
               +--------+--------+--------+--------+--------+-----+--------+

Top non-repeatable levels by time:
 Abyss:1: 144 daAuts
